 Dungeon Crawl Stone Soup version 0.21-a0-521-g1cd18d1 (webtiles) character file.

9 Gerstahl the Insei (level 2, 20/21 HPs)
             Began as a Demonspawn Transmuter on Dec 5, 2017.
             Quit the game on level 1 of the Dungeon.
             The game lasted 00:00:34 (306 turns).

Gerstahl the Insei (Demonspawn Transmuter)           Turns: 306, Time: 00:00:35

Health: 20/21      AC:  2    Str: 10    XL:     2   Next: 3%
Magic:  5/5        EV: 12    Int: 14    God:
Gold:   15         SH:  0    Dex: 13    Spells: 4/5 levels left

rFire    . . .     SeeInvis .     - Unarmed
rCold    . . .     Gourm    .   (no shield)
rNeg     . . .     Faith    .   b - +0 robe
rPois    .         Spirit   .   (no helmet)
rElec    .         Reflect  .   (no cloak)
rCorr    .         Harm     .   (no gloves)
MR       .....                  (no boots)
Stlth    ++........             (no amulet)
HPRegen  0.07/turn              (no ring)
MPRegen  0.09/turn              (no ring)

@: no status effects
A: nightstalker 1
a: no special abilities


You were on level 1 of the Dungeon.
You were not hungry.

You visited 1 branch of the dungeon, and saw 1 of its levels.

You collected 15 gold pieces.

Inventory:

Missiles
 a - 12 arrows
Armour
 b - a +0 robe (worn)
Jewellery
 g - a +2 amulet of reflection {unknown}
 j - a +2 ring of dexterity {unknown}
Scrolls
 e - a scroll of blinking {unknown}
 i - a scroll of identify {unknown}
Potions
 f - a potion of invisibility {unknown}
 h - a potion of curing {unknown}
Books
 c - a book of Changes

   Spells                             Type                      Level
   a - Beastly Appendage              Transmutation                1
   b - Sticks to Snakes               Transmutation                2
   c - Spider Form                    Transmutation/Poison         3
   d - Ice Form                       Ice/Transmutation            4
   e - Blade Hands                    Transmutation                5
Comestibles
 d - a bread ration


   Skills:
 + Level 1.6 Fighting
 - Level 1.7 Dodging
 + Level 3.0 Unarmed Combat
 - Level 2.0 Spellcasting
 - Level 1.7 Transmutations


You had 4 spell levels left.
You knew the following spells:

 Your Spells              Type           Power        Failure   Level  Hunger
a - Beastly Appendage     Tmut           #.....       12%         1    ##.....


Dungeon Overview and Level Annotations

Branches:
Dungeon (1/15)

Altars:


Innate Abilities, Weirdness & Mutations

You are slightly more attuned to the shadows.


Message History

There is an open door here.
You see here a stone.
You see here a kobold skeleton.
You see here a hobgoblin skeleton.
A dart slug comes into view.
A dart slug is nearby!
You see here 10 stones.
The dart slug bites you but does no damage.
You hit the dart slug but do no damage. The dart slug barely misses you.
You hit the dart slug but do no damage. You hit the dart slug.
The dart slug is severely wounded.
The dart slug bites you.
You hit the dart slug.
You kill the dart slug!
Your Unarmed Combat skill increases to level 3!
You have reached level 2!
Your demonic ancestry asserts itself...
You slip into the darkness of the dungeon.
Are you sure you want to abandon this character and quit the game? (Confirm with "yes".)

#.##.#....#####...÷#.###.#.##
.. ..#....##.......#.....#.÷.
# ###....##.....############
+....++.....#≈≈≈≈≈≈≈≈≈≈≈
#....##.....#≈...♣♣♣PPP≈
##..........#≈P♣PPPPP..≈
...........#≈≈≈≈≈≈≈≈≈≈≈
####..(#..#≈≈≈≈≈≈≈≈≈..
#.@.#..#≈♣P.♣♣P.≈.#
#†.....#≈P♣♣PP♣.≈.#
....##..#≈PPP♣♣PP≈.#
..........#≈≈≈≈≈≈≈≈≈..
............#≈≈≈≈≈≈≈≈≈≈≈
...#######..#≈♣PP.♣P♣♣♣≈ ...
#≈P♣♣♣♣♣..♣≈ .. #≈≈≈≈≈≈≈≈≈≈≈
############


There were no monsters in sight!

Vanquished Creatures
  A dart slug (D:1)
  A bat (D:1)
  A giant cockroach (D:1)
  A hobgoblin (D:1)
  A kobold (D:1)
  2 rats (D:1)
7 creatures vanquished.

Notes
Turn   | Place    | Note
-------+----------+-------------------------------------------
     0 | D:1      | Gerstahl the Demonspawn Transmuter began the quest for the Orb.
     0 | D:1      | Reached XP level 1. HP: 15/15 MP: 3/3
   305 | D:1      | Reached skill level 3 in Unarmed Combat
   305 | D:1      | Gained mutation: You are slightly more attuned to the shadows. [demonic ancestry]
   305 | D:1      | Reached XP level 2. HP: 20/21 MP: 5/5
   306 | D:1      | Quit the game

Vault maps used:
D:1:      lightli_arrival_farm, tso_metal_star

Skill      XL: |  1 |
---------------+----+-----
Unarmed Combat | 3 |  3.0
Fighting       | |  1.6
Dodging        | |  1.7
Spellcasting   | |  2.0
Transmutations | |  1.7

Action                   || total
-------------------------++-------
Melee: Unarmed           ||    32
Armor: Robe              ||     9
Dodge: Dodged            ||    34

Table legend:
 A = Spawn XP
 B = Non-spawn XP
 C = Spawn XP percentage of total XP
 D = Spawn monster count
 E = Non-spawn monster count
 F = Spawn count percentage of total count
 G = Total turns spent on level
                    A         B        C        D         E        F      G
               +---------+---------+-------+---------+---------+-------+---------
         Total |       0 |      13 |   0.0 |       0 |       7 |   0.0 |   306
               +---------+---------+-------+---------+---------+-------+---------
           D:1 |       0 |      13 |   0.0 |       0 |       7 |   0.0 |   306
               +---------+---------+-------+---------+---------+-------+---------
